 Dungeon Crawl Stone Soup version 0.29.1-1-gd02db6906a (webtiles) character file.

Game seed: 900824526833554840

2967 hawla the Arsonist (level 10, -8/73 HPs)
             Began as a Meteoran Fire Elementalist on Oct 11, 2022.
             Mangled by a troll (15 damage)
             ... on level 7 of the Dungeon.
             The game lasted 00:17:00 (3718 turns).

hawla the Arsonist (Meteoran Fire Elementalist)     Turns: 3718, Time: 00:17:01

Health: -8/73      AC:  3    Str: 10    XL:     10   Next: 29%
Magic:  12/24      EV: 13    Int: 21    God:
Gold:   268        SH:  0    Dex: 15    Spells: 20/27 levels left

rFire   . . .      SeeInvis .   r - +4 long sword
rCold   . . .      Faith    .   (no shield)
rNeg    . . .      Spirit   .   a - +0 robe
rPois   +          Reflect  .   (no helmet)
rElec   .          Harm     .   (no cloak)
rCorr   .          Rampage  .   (no gloves)
Will    +....                   d - +0 pair of boots
Stlth   +.........              (no amulet)
HPRegen 0.22/turn               g - ring of poison resistance
MPRegen 0.19/turn               (no ring)

@: about to teleport, glowing
A: sense surroundings 2, otherworldly, glowing, explore regen
a: no special abilities


You were on level 7 of the Dungeon.
You visited 1 branch of the dungeon, and saw 7 of its levels.
You also visited: Sewer.

You collected 268 gold pieces.

Inventory:

Hand Weapons
 r - a +4 long sword (weapon)
Armour
 a - a +0 robe (worn)
 d - a +0 pair of boots (worn)
Jewellery
 g - a ring of poison resistance (left hand)
Wands
 k - a wand of paralysis (14)
 n - a wand of polymorph (10)
 v - a wand of light (9)
Scrolls
 c - 2 scrolls of identify
 e - 2 scrolls of teleportation
 j - a scroll of blinking {unknown}
 m - a scroll of poison
 q - a scroll of butterflies {unknown}
Potions
 b - a potion of heal wounds
 f - 2 potions of mutation
 h - 2 potions of curing
 i - 4 potions of flight
 l - a potion of might {unknown}
 o - a potion of berserk rage
 s - a potion of brilliance {unknown}
 u - a potion of degeneration {unknown}


   Skills:
 + Level 2.2 Fighting
 + Level 3.2 Long Blades
 + Level 4.2 Dodging
 - Level 1.6 Stealth
 + Level 9.4 Spellcasting
 + Level 4.9 Conjurations
 + Level 11.2 Fire Magic


You had 20 spell levels left.
You knew the following spells:

 Your Spells              Type           Power      Damage    Failure   Level
a - Foxfire               Conj/Fire      100%       2x1d9     1%          1
b - Scorch                Fire           100%       2d10      1%          2
c - Flame Wave            Conj/Fire      43%        2d11      2%          4

Your spell library contained the following spells:

 Spells                   Type           Power      Damage    Failure   Level
 Conjure Flame            Conj/Fire      43%        6-21      1%          3
 Inner Flame              Hex/Fire       33%        N/A       1%          3
 Slow                     Hex            36%        N/A       7%          1
 Confusing Touch          Hex            9%         N/A       21%         3
 Vampiric Draining        Necr           9%         2d6       21%         3


Dungeon Overview and Level Annotations

Branches:
Dungeon (7/15) Zot: 619    Temple (0/1) D:7           Sewer (visited)

Altars:
Ashenzari

Shops:
D:6 (


Innate Abilities, Weirdness & Mutations

You passively map the area around you.
You are easily found by Zot.
You glow in the dark.
You regain HP and MP as you explore.


Message History

You assume a fearsome visage.
The gnoll sergeant looks frightened!
The orc wizard looks frightened!
The gnoll looks frightened! x2
The kobold brigand looks frightened!
Your attacks no longer feel as feeble.
A kobold comes into view. It is wielding a +0 whip.
The orc wizard casts a spell.
The orc wizard flickers and vanishes!
Deactivating autopickup; reactivate with Ctrl-A.
Cornered, the kobold brigand turns to fight!
A troll comes into view.
Found a +0 club.
The kobold brigand throws a poisoned dart.
The poisoned dart hits you!
A kobold comes into view.
It is wielding a +1 whip of electrocution.
A manticore comes into view.
The troll bites you! The troll claws you! x2
The manticore flicks its tail.
The volley of spikes misses you.
You hear a shout!
The troll attacks as you move away! The troll bites you!
* * * LOW HITPOINT WARNING * * *
The troll claws you!
* * * LOW HITPOINT WARNING * * *
The troll claws you.
* * * LOW HITPOINT WARNING * * *
Unknown command.
You feel much better. The troll bites you!
* * * LOW HITPOINT WARNING * * *
The troll claws you.
* * * LOW HITPOINT WARNING * * *
The troll claws you.
* * * LOW HITPOINT WARNING * * *
As you read the scroll of teleportation, it crumbles to dust.
You feel strangely unstable. The troll bites you but does no damage.
The troll claws you.
* * * LOW HITPOINT WARNING * * *
The troll claws you.
* * * LOW HITPOINT WARNING * * *
The troll attacks as you move away! The troll bites you!
You die...

,,,,***,,,,,,,,,,,**,,,,,,,,,,,**
,,*** *,,,,,,^,,,,**,,,,,,,,,,,**
,,,** *,,,,,,,,,,,**,,,,,,,,,,,*
,,,,******,,,,,###**,,,,,,,,,,,*
,,,,,,,,,,,,,,,..# *,,,,,,,,,,,*
**,,*,**,******#.##*,,,,,,,,,,,*
,*,**,*,,*,,,,,#..#*,,,,,,,,,,,*
,*,**,,*,*,*+*,#..#*,,,,,,,>,,,*
,+,,*,*,,#,*,*,#@.#*,,,,,,,,,,,*
,*,*,,,*,#.***,#T.#*,,,,,,,,,,,*
,*,*,,**,*P.,,,#H##*************
**,*,*,*,###'###.#
,,,***##,........#
,**,**,[g###K##..# **###
*,,,,*,,#.))K..[.# *,..########
,*****,#.##.###..###.#.##.....#
,,,*,,*,#K..)).......#.##.###.#


You could see a manticore and a troll.

Vanquished Creatures
  Pikel (D:6)
  3 yaks (D:6)
  3 ice beasts (D:6)
  An ogre (D:6)
  A centaur (D:6)
  2 lemures (D:6)
  3 kobold brigands
  2 bullfrogs (D:6)
  A scorpion (D:5)
  7 wights (D:6)
  5 hounds
  2 gnoll boudas
  5 orc priests
  3 iguanas
  2 orc wizards (D:5)
  3 river rats
  12 adders
  17 gnolls
  2 shadow imps
  A white imp (D:6)
  2 worms
  A dart slug (D:4)
  8 orcs
  7 ball pythons
  6 endoplasms
  3 giant cockroaches
  4 goblins
  4 hobgoblins
  3 jackals (D:5)
  7 quokkas
  3 training dummies (D:6)
  2 bats (D:1)
  4 frilled lizards
  15 kobolds
  6 rats
151 creatures vanquished.

Vanquished Creatures (others)
  168 foxfires
  2 plants (D:7)
170 creatures vanquished.

Grand Total: 321 creatures vanquished

Notes
Turn   | Place    | Note
-------+----------+-------------------------------------------
     0 | D:1      | hawla the Meteoran Fire Elementalist began the quest for
                  | the Orb.
     0 | D:1      | Reached XP level 1. HP: 14/14 MP: 5/5
   180 | D:1      | Reached XP level 2. HP: 20/20 MP: 2/7
   183 | D:1      | Learned a level 2 spell: Scorch
   422 | D:1      | Reached skill level 4 in Fire Magic
   467 | D:1      | Reached XP level 3. HP: 26/26 MP: 5/8
   500 | D:1      | Glimpsed the power of Zot.
   550 | D:1      | Glimpsed the power of Zot.
   933 | D:2      | Found a faded altar of an unknown god.
   966 | D:2      | Reached XP level 4. HP: 33/33 MP: 6/10
   971 | D:2      | Learned a level 4 spell: Flame Wave
  1098 | D:2      | Glimpsed the power of Zot.
  1120 | D:3      | Reached skill level 5 in Fire Magic
  1120 | D:3      | Reached XP level 5. HP: 32/38 MP: 0/11
  1154 | D:3      | Found a glowing drain.
  1219 | Sewer    | Entered a sewer
  1294 | Sewer    | Noticed a kobold brigand
  1299 | Sewer    | Killed a kobold brigand
  1300 | Sewer    | Reached skill level 6 in Fire Magic
  1300 | Sewer    | Reached XP level 6. HP: 31/45 MP: 5/12
  1324 | Sewer    | Found a white marble altar of Elyvilon.
  1716 | D:3      | Reached skill level 7 in Fire Magic
  1815 | D:4      | Reached XP level 7. HP: 35/50 MP: 5/13
  2365 | D:4      | Found a broken altar of Ashenzari.
  2444 | D:4      | Glimpsed the power of Zot.
  2458 | D:5      | Entered Level 5 of the Dungeon
  2462 | D:5      | Reached skill level 8 in Fire Magic
  2609 | D:5      | Reached XP level 8. HP: 40/57 MP: 4/14
  2729 | D:5      | Reached skill level 9 in Fire Magic
  2986 | D:6      | Reached skill level 5 in Spellcasting
  3096 | D:6      | Reached skill level 1 in Fighting
  3103 | D:6      | Gained mutation: You passively map the area around you.
                  | [Meteoran growth]
  3103 | D:6      | Reached XP level 9. HP: 46/64 MP: 3/19
  3172 | D:6      | Found Peupukhlyugg's Firing Range.
  3245 | D:6      | Reached skill level 10 in Fire Magic
  3334 | D:6      | Noticed Pikel
  3344 | D:6      | Reached skill level 1 in Long Blades
  3345 | D:6      | Killed Pikel
  3481 | D:6      | Reached XP level 10. HP: 61/73 MP: 10/23
  3531 | D:6      | Reached skill level 11 in Fire Magic
  3637 | D:6      | Glimpsed the power of Zot.
  3709 | D:7      | Noticed a manticore
  3718 | D:7      | Mangled by a troll

Illustrated notes

Levels and vault maps discovered:
D:1:      lemuel_arrival_hallway, layout_basic
D:2:      layout_loops_corners, nicolae_ecumenical_lake_church
D:3:      layout_loops_ring, portal_sewer_entry_b
D:4:      layout_loops_ring, mainiacjoe_overflow_chevrons
D:5:      layout_basic
D:6:      layout_loops_cross, minmay_misc_feat_tiny, nicolae_shop_firing_range,
          uniq_pikel
D:7:      layout_basic, minmay_temple_entry_enclosed_plants, enter_bailey_2,
          minmay_shattered_shrine

Skill      XL: |  1  2  3  4  5  6  7  8  9 10 |
---------------+-------------------------------+-----
Spellcasting   | 3 6 8 9 |  9.4
Fire Magic     | 4 5 6 7 8 9 10 11 | 11.2
Conjurations   | 2 3 4 |  4.9
Fighting       | 1 2 |  2.2
Dodging        | 3 4 |  4.2
Long Blades    | 2 3 |  3.2
Stealth        | |  1.6

Action                   |  1- 3 |  4- 6 |  7- 9 | 10-12 || total
-------------------------+-------+-------+-------+-------++-------
Melee: Unarmed           |     3 |     6 |     6 |       ||    15
       Long sword        |       |       |    17 |     2 ||    19
 Cast: Foxfire           |    32 |    30 |    36 |     2 ||   100
       Scorch            |     4 |    24 |    51 |    10 ||    89
       Flame Wave        |       |     1 |    14 |     5 ||    20
  Use: Scroll            |     3 |     1 |     6 |     3 ||    13
       Potion            |       |     2 |       |     1 ||     3
Armor: Robe              |     1 |    12 |     8 |     6 ||    27
Dodge: Dodged            |     3 |    19 |    52 |    18 ||    92
